AoeStats
← oddswill

Arabia

506231453Analyzed
2v2 RM · 18d ago on Sep 12, 2026· 57m 38s· 4 players
Game mode
Random Map
Map size
Medium (4 player)
Population
200
Speed
Normal
Resources
Standard
Victory
Conquest
Starting age
Dark Age
Ending age
Imperial Age
RankedLock teamsTeams togetherTeam positionsShared explorationLock speedFull tech treeHidden civsTurbo modeCheats
Victory
Defeat
🇺🇸 Mongols · United States
551
+13
🇺🇸 Khmer · United States
537
+14
🇹🇷 Franks · Türkiye
550
-16
🇵🇪 Magyars · Peru
427
-11
jeffersonproel
11:42 Feudal Age
25:45 Double-Bit Axe
29:27 Wheelbarrow
34:05 Castle Age
35:06 Hand Cart
35:23 Pikeman
35:34 Crossbowman
38:28 Thumb Ring
44:14 Gold Mining
44:15 Stone Mining
44:52 Horse Collar
45:20 Scale Barding Armor
45:15 Scale Mail Armor
46:44 Gold Shaft Mining
45:40 Man-at-Arms
46:50 Bow Saw
49:37 Imperial Age
51:48 Arbalester
56:20 Heavy Plow
TheEmbraced
8:40 Loom
12:33 Feudal Age
13:10 Double-Bit Axe
20:11 Wheelbarrow
21:00 Forging
20:59 Scale Barding Armor
26:30 Castle Age
25:52 Gold Mining
25:53 Stone Mining
28:04 Bow Saw
28:07 Husbandry
28:51 Gold Shaft Mining
29:57 Chain Barding Armor
30:13 Iron Casting
29:41 Padded Archer Armor
32:55 Hand Cart
37:39 Town Watch
39:04 Town Patrol
40:51 Caravan
41:45 Heresy
41:26 Devotion
44:57 Imperial Age
44:09 Masonry
43:54 Murder Holes
44:21 Ballistics
44:44 Leather Archer Armor
44:20 Fletching
45:03 Cavalier
46:08 Faith
45:52 Bodkin Arrow
46:59 Blast Furnace
47:27 Plate Barding Armor
49:33 Chemistry
49:02 Paladin
51:29 Siege Engineers
sadsciencee
9:23 Feudal Age
8:28 Loom
11:21 Double-Bit Axe
12:48 Horse Collar
17:18 Bloodlines
23:59 Castle Age
23:20 Scale Barding Armor
25:01 Pikeman
26:49 Bow Saw
28:35 Forging
28:53 Scale Mail Armor
29:27 Squires
34:48 Gold Mining
37:01 Heavy Plow
37:57 Wheelbarrow
37:53 Chain Barding Armor
38:09 Iron Casting
38:54 Husbandry
40:36 Chain Mail Armor
43:03 Fletching
44:24 Gold Shaft Mining
44:46 Town Watch
49:22 Imperial Age
51:14 Conscription
51:23 Elite Steppe Lancer
54:07 Hand Cart
53:52 Town Patrol
54:58 Blast Furnace
53:54 Bodkin Arrow
54:00 Padded Archer Armor
54:47 Nomads
oddswill
10:20 Feudal Age
11:40 Wheelbarrow
14:12 Double-Bit Axe
24:21 Castle Age
22:17 Horse Collar
23:52 Stone Mining
23:53 Gold Mining
25:24 Bow Saw
25:22 Heavy Plow
25:40 Hand Cart
26:39 Gold Shaft Mining
25:33 Pikeman
33:41 Imperial Age
32:55 Husbandry
34:35 Masonry
34:21 Murder Holes
35:27 Bloodlines
35:23 Fletching
36:55 Scale Barding Armor
36:46 Bodkin Arrow
36:55 Tusk Swords
37:41 Gold Shaft Mining
38:00 Crop Rotation
38:38 Chain Barding Armor
40:09 Hoardings
39:55 Conscription
40:01 Halberdier
41:22 Crossbowman
44:55 Chemistry
44:16 Ballistics
44:28 Architecture
46:24 Arson
46:06 Elite Battle Elephant
47:42 Plate Barding Armor
50:24 Forging
50:16 Padded Archer Armor
50:17 Scale Mail Armor
50:17 Bracer
52:27 Leather Archer Armor
52:47 Iron Casting
52:13 Elite Skirmisher
Connection lost

Rejoining the realm…

Still unreachable

The connection could not be restored.

Session expired

The server has moved on; the page needs a fresh start.